 Dungeon Crawl Stone Soup version 0.29-a0-214-g17f627cfee (webtiles) character file.

Game seed: 1261617255757969623

14 Hasart the Bolt Thrower (level 2, -1/24 HPs)
             Began as a Demigod Hunter on Feb 24, 2022.
             Slain by an adder (4 damage)
             ... on level 2 of the Dungeon.
             The game lasted 00:01:38 (974 turns).

Hasart the Bolt Thrower (Demigod Hunter)             Turns: 974, Time: 00:01:38

Health: -1/24      AC:  3    Str: 13    XL:     2   Next: 15%
Magic:  4/4        EV: 12    Int: 13    God:
Gold:   58         SH:  0    Dex: 14    Spells: 1/1 levels left

rFire   + . .      SeeInvis .   a - +1 hand crossbow
rCold   . . .      Faith    .   (no shield)
rNeg    . . .      Spirit   .   b - +0 leather armour
rPois   .          Reflect  .   (no helmet)
rElec   .          Harm     .   (no cloak)
rCorr   .          Rampage  .   (no gloves)
Will    .....                   (no boots)
Stlth   +.........              (no amulet)
HPRegen 0.08/turn               g - ring of protection from fire
MPRegen 0.09/turn               (no ring)

@: no status effects
A: high MP 1, forlorn, divine attributes
a: no special abilities


You were on level 2 of the Dungeon.
You visited 1 branch of the dungeon, and saw 2 of its levels.

You collected 58 gold pieces.

Inventory:

Hand Weapons
 a - a +1 hand crossbow (weapon)
Armour
 b - a +0 leather armour (worn)
Jewellery
 g - a ring of protection from fire (left hand)
Scrolls
 c - a scroll of identify {unknown}
 d - a scroll of teleportation {unknown}
 f - a scroll of amnesia {unknown}
Potions
 e - 2 potions of lignification {unknown}


   Skills:
 + Level 2.0 Fighting
 * Level 3.8 Crossbows
 + Level 2.0 Dodging
 + Level 1.2 Stealth


You had one spell level left.
You didn't know any spells.
Your spell library contained the following spells:

 Spells                   Type           Power      Damage    Failure   Level
 Sandblast                Erth           0%         2d4       36%         1
 Passwall                 Tmut/Erth      0%         N/A       52%         2
 Stone Arrow              Conj/Erth      0%         3d7       75%         3


Dungeon Overview and Level Annotations

Branches:
Dungeon (2/15)

Annotations:
D:2 Sigmund


Innate Abilities, Weirdness & Mutations

You have an increased reservoir of magic. (+10% MP)
You shall have no god before yourself.
Your divine heritage dramatically boosts your attributes as you level up.


Message History

Shoot: a) +1 hand crossbow
Press: ? - help, Q - select action Shift-Dir - straight line, f - worm
Aim: a worm (wandering, hasn't noticed you, 80% to hit)
You shoot a bolt. The bolt hits the worm.
The worm is moderately wounded.
An adder comes into view.
Shoot: a) +1 hand crossbow
Press: ? - help, Q - select action Shift-Dir - straight line, f/p - worm
Aim: a worm (moderately wounded, 80% to hit)
You shoot a bolt. The bolt barely misses the worm.
Unknown command.
You hear some strange, mumbled words.
You are confused.
Something hits you!
You bump into the rock wall.
The adder bites you but does no damage.
You bump into the rock wall.
The adder barely misses you. x2
You feel less confused. The adder misses you.
Shoot: a) +1 hand crossbow
Press: ? - help, Q - select action Shift-Dir - straight line, f/p - worm
Aim: a worm (80% to hit)
You shoot a bolt. The bolt hits the adder.
The adder is heavily wounded.
Something hits you. The adder misses you.
Unknown command.
Shoot: a) +1 hand crossbow
Press: ? - help, Q - select action Shift-Dir - straight line, f/p - worm
Aim: a worm (80% to hit)
You shoot a bolt. The bolt barely misses the adder.
The bolt hits the worm!
The worm is moderately wounded.
The adder bites you. Something hits you.
* * * LOW HITPOINT WARNING * * *
The adder barely misses you.
Shoot: a) +1 hand crossbow
Press: ? - help, Q - select action Shift-Dir - straight line, f/p - worm
Aim: a worm (moderately wounded, 80% to hit)
You shoot a bolt. The bolt hits the adder.
The adder is severely wounded.
The adder bites you.
You die...

#. #.###
..###.##.#.#
.....w.....#
..w......#w#
........##.#
.........#.#
########.####..#.#
.........# #..#S#
##..##...# #..#@#
##..##...# #..#.#
.........####..#.#
######.#...... #.#
.............. #.#
.#####.#########.###
.....#.............#
..##################
.........


You could see a worm and an adder.

Vanquished Creatures
  A ball python (D:1)
  A giant cockroach (D:2)
  2 goblins (D:1)
  A hobgoblin (D:1)
  A kobold (D:1)
  4 bats (D:1)
  2 frilled lizards
  A rat (D:1)
13 creatures vanquished.

Notes
Turn   | Place    | Note
-------+----------+-------------------------------------------
     0 | D:1      | Hasart the Demigod Hunter began the quest for the Orb.
     0 | D:1      | Reached XP level 1. HP: 17/17 MP: 3/3
   102 | D:1      | Reached skill level 1 in Stealth
   601 | D:1      | Reached XP level 2. HP: 24/24 MP: 4/4
   955 | D:2      | Noticed Sigmund
   974 | D:2      | Slain by an adder

Illustrated notes

Levels and vault maps discovered:
D:1:      dpeg_arrival_arbitrary_b, layout_basic
D:2:      layout_basic, st_stairs_14, uniq_sigmund, uniq_crazy_yiuf_cottage

Skill      XL: |  1 |
---------------+----+-----
Stealth        | 1 |  1.2
Fighting       | 2 |  2.0
Dodging        | 2 |  2.0
Crossbows      | |  3.8

Action                   || total
-------------------------++-------
 Fire: Hand crossbow     ||    39
Armor: Leather armour    ||     3
Dodge: Dodged            ||    16

Table legend: (Time is in decaauts)
 A = Elapsed time spent in this place.
 B = Non-inter-level travel time spent in this place.
 C = Inter-level travel time spent in this place.
 D = Time resting spent in this place.
 E = Time spent auto-exploring this place.
 F = Levels seen in this place.
 G = Mean time per level.
                   A        B        C        D        E       F      G
               +--------+--------+--------+--------+--------+-----+--------+
         Total |    986 |    982 |      4 |      0 |    892 |   2 |  493.0 |
       Dungeon |    986 |    982 |      4 |      0 |    892 |   2 |  493.0 |
               +--------+--------+--------+--------+--------+-----+--------+

Top non-repeatable levels by time:
     D:1: 864 daAuts
     D:2: 121 daAuts
